 Dungeon Crawl Stone Soup version 0.30-a0-852-g08b95dd62f (webtiles) character file.

Game seed: 2247857281038124460

3 Darius099 the Shield-Bearer (level 1, -3/19 HPs)
             Began as a Minotaur Fighter on Mar 4, 2023.
             Slain by a gnoll
             ... wielding a +0 spear
              (7 damage)
             ... on level 1 of the Dungeon.
             The game lasted 00:00:16 (27 turns).

Darius099 the Shield-Bearer (Minotaur Fighter)        Turns: 27, Time: 00:00:16

Health: -3/19      AC:  6    Str: 20    XL:     1   Next: 41%
Magic:  0/0        EV:  9    Int:  5    God:
Gold:   4          SH:  4    Dex:  9    Spells: 0/0 levels left

rFire   . . .      SeeInvis .    a - +0 war axe
rCold   . . .      Faith    .    c - +0 buckler
rNeg    . . .      Spirit   .    b - +0 scale mail
rPois   .          Reflect  .    (helmet restricted)
rElec   .          Rampage  .    (no cloak)
rCorr   .                        (no gloves)
Will    .....                    (no boots) Stlth
                                 (no amulet)
HPRegen 0.23/turn                (no ring)
MPRegen 0.07/turn                (no ring)

@: no status effects
A: horns 2, retaliatory headbutt
a: no special abilities


You were on level 1 of the Dungeon.
You visited 1 branch of the dungeon, and saw 1 of its levels.

You collected 4 gold pieces.

Inventory:

Hand Weapons
 a - a +0 war axe (weapon)
Armour
 b - a +0 scale mail (worn)
 c - a +0 buckler (worn)
Jewellery
 e - an amulet of regeneration
Scrolls
 f - a scroll of identify {unknown}
Potions
 d - a potion of might


   Skills:
 - Level 3.6 Fighting
 + Level 2.8 Axes
 - Level 3.6 Armour
 - Level 3.6 Shields


You couldn't memorise any spells.
You didn't know any spells.
Your spell library was empty.

Dungeon Overview and Level Annotations

Branches:
Dungeon (1/15)

Altars:


Innate Abilities, Weirdness & Mutations

You have a pair of horns on your head.
You reflexively headbutt those who attack you in melee.


Message History

A giant cockroach comes into view.
You see here a scroll labelled NONEBA TOMMORE.
f - a scroll labelled NONEBA TOMMORE The gnoll hits you from afar with a +0 spear.
You block the giant cockroach's attack. The gnoll hits you with a +0 spear.
The giant cockroach bites you but does no damage.
You hit the gnoll but do no damage. You hit the giant cockroach.
You kill the giant cockroach!
You closely miss the giant cockroach. You block the gnoll's attack.
The giant cockroach bites you but does no damage.
The gnoll hits you with a +0 spear.
You are too injured to fight recklessly!
You are too injured to fight recklessly!
You are too injured to fight recklessly!
You are too injured to fight recklessly!
You are too injured to fight recklessly!
You barely miss the gnoll. You hit the giant cockroach.
The giant cockroach closely misses you. The gnoll completely misses you.
The giant cockroach closely misses you.
You barely miss the gnoll. You headbutt the gnoll.
The gnoll is moderately wounded.
You closely miss the giant cockroach. The giant cockroach closely misses you.
You block the gnoll's attack. The giant cockroach barely misses you.
The gnoll barely misses you.
You barely miss the gnoll.
The gnoll is moderately wounded.
You hit the giant cockroach.
You kill the giant cockroach!
The gnoll hits you with a +0 spear.
You slash the gnoll!
The gnoll is almost dead.
The gnoll hits you with a +0 spear.
* * * LOW HITPOINT WARNING * * *
You hit the gnoll but do no damage.
The gnoll is almost dead.
You block the gnoll's attack. x2
You barely miss the gnoll.
The gnoll is almost dead.
The gnoll hits you with a +0 spear!
You die...

#...........
#...........
#...........
#...........
#....$......
#.$.........
#..g..".....
#...@.......
#...........
####........... #.
#..........#...
#.########..........#
## ...................#
.......................
##.....#..........####
##.......###########


You could see a gnoll.

Vanquished Creatures
  2 giant cockroaches (D:1)
  A bat (D:1)
3 creatures vanquished.

Notes
Turn   | Place    | Note
-------+----------+-------------------------------------------
     0 | D:1      | Darius099 the Minotaur Fighter began the quest for the Orb.
     0 | D:1      | Reached XP level 1. HP: 19/19 MP: 0/0
    27 | D:1      | Slain by a gnoll

Illustrated notes

Levels and vault maps discovered:
D:1:      wander_arrival_desolate, layout_basic, reono_crystal_passage

Action                     || total
---------------------------++-------
  Melee: War axe           ||     9
         Headbutt          ||     2
 Armour: Scale mail        ||     4
  Dodge: Dodged            ||     9
  Block: Buckler           ||     6

Table legend: (Time is in decaauts)
 A = Elapsed time spent in this place.
 B = Non-inter-level travel time spent in this place.
 C = Inter-level travel time spent in this place.
 D = Time resting spent in this place.
 E = Time spent auto-exploring this place.
 F = Levels seen in this place.
 G = Mean time per level.
                   A        B        C        D        E       F      G
               +--------+--------+--------+--------+--------+-----+--------+
         Total |     30 |     30 |      0 |      0 |      8 |   1 |   30.0 |
       Dungeon |     30 |     30 |      0 |      0 |      8 |   1 |   30.0 |
               +--------+--------+--------+--------+--------+-----+--------+

Top non-repeatable levels by time:
     D:1: 30 daAuts
